 Dungeon Crawl Stone Soup version 0.28-a0-268-g3f656e82c2 (webtiles) character file.

Game seed: 11721000579623826379

6 Ezendos the Caller (level 1, 0/12 HPs)
             Began as an Octopode Summoner on Aug 29, 2021.
             Slain by a kobold (4 damage)
             ... on level 1 of the Dungeon.
             The game lasted 00:00:33 (207 turns).

Ezendos the Caller (Octopode Summoner)               Turns: 207, Time: 00:00:33

Health: 0/12       AC:  1    Str:  7    XL:     1   Next: 90%
Magic:  1/3        EV: 13    Int: 17    God:
Gold:   0          SH:  0    Dex: 12    Spells: 3/4 levels left

rFire   . . .      SeeInvis .   (no weapon)
rCold   . . .      Faith    .   (no shield)
rNeg    . . .      Spirit   .   (helmet restricted)
rPois   .          Reflect  .   (no amulet)
rElec   .          Harm     .   (no ring)
rCorr   .          Rampage  .   (no ring)
Will    .....                   (no ring)
Stlth   +++.......              (no ring)
HPRegen 0.04/turn               (no ring)
MPRegen 0.08/turn               (no ring)
                                (no ring)
                                (no ring)

@: no status effects
A: almost no armour, amphibious, 8 rings, camouflage 1, gelatinous body 1,
(nimble swimmer 1), tentacles
a: no special abilities


You were on level 1 of the Dungeon.
You visited 1 branch of the dungeon, and saw 1 of its levels.

You aren't carrying anything.


   Skills:
 * Level 0.7 Fighting
 - Level 2.0 Dodging
 - Level 3.0 Stealth
 + Level 2.0 Spellcasting
 + Level 4.0 Summonings


You had 3 spell levels left.
You knew the following spells:

 Your Spells              Type           Power      Damage    Failure   Level
a - Summon Small Mammal   Summ           60%        N/A       3%          1

Your spell library contained the following spells:

 Spells                   Type           Power      Damage    Failure   Level
 Call Imp                 Summ           15%        N/A       5%          2
 Call Canine Familiar     Summ           15%        N/A       11%         3
 Summon Guardian Golem    Hex/Summ       8%         N/A       26%         3
 Summon Lightning Spire   Summ/Air       8%         N/A       63%         4


Dungeon Overview and Level Annotations

Branches:
Dungeon (1/15)

Altars:


Innate Abilities, Weirdness & Mutations

You cannot wear most types of armour.
You are amphibious.
You can wear up to eight rings at the same time.
Your skin changes colour to match your surroundings (Stealth+).
Your rubbery body absorbs attacks. (AC +1, EV +1)
((You are camouflaged near water. (Stealth+)))
You have tentacles for arms and can constrict up to eight enemies at once.


Message History

The bat barely misses you.
Your bat hits the bat. The bat hits you but does no damage.
A quokka comes into view.
The bat hits you.
You closely miss the bat. You grab the bat.
The bat is moderately wounded.
You constrict the bat, but do no damage.
Your bat barely misses the bat.
The bat hits your bat. The bat hits you.
Your bat completely misses the bat.
The bat hits your bat. The bat misses you.
Your bat hits the bat.
The bat hits your bat but does no damage.
You tentacle-slap the bat but do no damage.
The bat is moderately wounded.
You constrict the bat.
You kill the bat!
Your bat barely misses the bat.
The bat closely misses you.
Your bat hits the bat. You miss the bat. You grab the bat.
The bat is severely wounded.
You constrict the bat.
You kill the bat!
Things that are here:
a +0 dagger; a goblin corpse The quokka misses your bat.
The quokka barely misses your bat.
The kobold hits your bat with a +0 club.
The quokka misses your bat.
Casting: Summon Small Mammal (safe; 3% risk of failure)
Confirm with . or Enter, or press ? or * to list all spells.
Your bat barely misses the kobold.
Your bat closely misses the kobold.
You tentacle-slap the quokka but do no damage.
Your grab misses the quokka. Your bat hits the kobold.
Your bat barely misses the quokka.
Your bat closely misses the quokka.
The quokka bites you. The kobold hits you with a +0 club.
Your bat barely misses the quokka.
You tentacle-slap the quokka. Your grab misses the quokka.
You squeeze the quokka.
You kill the quokka!
Your bat closely misses the kobold.
The kobold hits you with a +0 club.
You die...

####.†......
######.....###
.#######..†.......#
................#..#
#.######.######......
#. #####.# ####..
###.##.....# #
##......#####
##......@##
#......K†b#
#.......).#
........†.#
#....b....#
#................
#................
#...$............
#................


You could see a kobold (ally target) and 2 friendly bats.

Vanquished Creatures
  2 hobgoblins (D:1)
  A quokka (D:1)
  2 bats (D:1)
  A rat (D:1)
6 creatures vanquished.

Vanquished Creatures (collateral kills)
  A goblin (D:1)
  A ball python (D:1)
2 creatures vanquished.

Grand Total: 8 creatures vanquished

Notes
Turn   | Place    | Note
-------+----------+-------------------------------------------
     0 | D:1      | Ezendos the Octopode Summoner began the quest for the Orb.
     0 | D:1      | Reached XP level 1. HP: 11/11 MP: 3/3
   207 | D:1      | Slain by a kobold

Illustrated notes

Levels and vault maps discovered:
D:1:      saegor_arrival_simple_c, layout_rooms

Skill      XL: |  1 |
---------------+----+-----
Stealth        | 3 |  3.0
Fighting       | |  0.7
Dodging        | |  2.0
Spellcasting   | |  2.0
Summonings     | |  4.0

Action                   || total
-------------------------++-------
Melee: Unarmed           ||    14
       Constrict         ||     6
       Tentacles         ||     3
 Cast: Summon Small Mamm ||     3
 Stab: Sleeping          ||     1
Armor: Skin              ||     2
Dodge: Dodged            ||     7

Table legend: (Time is in decaauts)
 A = Elapsed time spent in this place.
 B = Non-inter-level travel time spent in this place.
 C = Inter-level travel time spent in this place.
 D = Time resting spent in this place.
 E = Time spent auto-exploring this place.
 F = Levels seen in this place.
 G = Mean time per level.
                   A        B        C        D        E       F      G
               +--------+--------+--------+--------+--------+-----+--------+
         Total |    207 |    207 |      0 |      0 |    159 |   1 |  207.0 |
       Dungeon |    207 |    207 |      0 |      0 |    159 |   1 |  207.0 |
               +--------+--------+--------+--------+--------+-----+--------+

Top non-repeatable levels by time:
     D:1: 207 daAuts
